 Dungeon Crawl Stone Soup version 0.31.0-1-g2c135a008e (webtiles) character file.

Game seed: 14412759853196704869

648 qw the Shooter (level 7, -2/46 HPs)
             Began as a Djinni Hunter on Jan 23, 2024.
             Slain by an ice beast (12 damage)
             ... on level 5 of the Dungeon.
             The game lasted 00:00:15 (3723 turns).

qw the Shooter (Djinni Hunter)                      Turns: 3723, Time: 00:00:15

Health: -2/46      AC:  5    Str:  9 (10) XL:     7   Next: 83%
Gold:   189        EV: 11    Int: 11      God:
                   SH:  0    Dex: 17 (18)

rFire   + + .        a - +0 shortbow
rCold   x . .        (shield currently unavailable)
rNeg    + . .        e - +0 ring mail
rPois   inf          (no helmet)
rElec   .            d - scarf {repulsion}
rCorr   .            (no gloves)
SInv    .            (boots unavailable)
Will    .....        (no amulet)
Stlth   +            f - ring of positive energy
HPRegen 0.27/turn    (no ring)
MPRegen 0.00/turn

%: repel missiles, infuse magic (-3 HP)
@: flying
A: sickness immunity, fire resistance 2, cold vulnerability 1, float, innate
caster, HP casting, extra vitality 1, deterioration 1, frail 1, MP-powered wands
a: no special abilities


You were on level 5 of the Dungeon.
You visited 1 branch of the dungeon, and saw 5 of its levels.

You collected 189 gold pieces.


Innate Abilities, Weirdness & Mutations

You are immune to sickness and miasma.
You are immune to poison.
Your flesh is very heat resistant. (rF++)
You are vulnerable to cold. (rC-)
You float through the air rather than walking.
You learn spells naturally, not from books.
Your magical power is your life essence.
You have superior vitality. (+4 MHP)
Your body sometimes deteriorates upon taking damage.
You are frail. (-10% HP)
You expend health (3 HP) to strengthen your wands.


   Skills:
 - Level 4.1 Fighting
 - Level 6.2 Ranged Weapons
 + Level 0.0 Armour
 - Level 4.0 Dodging
 - Level 0.7 Stealth


You knew the following spells:

 Your Spells              Type           Power      Damage    Failure   Level
a - Foxfire               Conj/Fire      0%         2x1d4     69%         1
b - Blink                 Tloc           0%         N/A       83%         2
c - Jinxbite              Hex            0%         N/A       83%         2
Your spell library was empty.

Inventory:

Hand Weapons
 a - a +0 shortbow (weapon)
Armour
 d - a scarf of repulsion (worn)
 e - a +0 ring mail (worn)
Jewellery
 f - a ring of positive energy (left hand)
Wands
 g - a wand of roots (6)
Potions
 b - a potion of might

Dungeon Overview and Level Annotations

Branches:
Dungeon (5/15)
 Temple: D:4-7

Altars:
The Shining One

Annotations:
D:3 1 runed translucent door, Crazy Yiuf


Message History

There is an open door here.
There is an open door here.
There is a stone staircase leading down here.
You fly downwards.
You hear the sound of rushing water.
There is an entrance to a sewer on this level.
Hurry and find it before the portal rusts away!
There is a stone staircase leading up here.
Waypoint 4 assigned to D:5.
3680 ||| PLANNING SEWER You now have 175 gold pieces (gained 16).
You now have 189 gold pieces (gained 14).
Found a stone staircase leading up.
An ice beast comes into view.
Found 13 gold pieces.
You shoot an arrow. The arrow hits the ice beast!
The ice beast is moderately wounded.
You shoot an arrow.
The arrow hits the ice beast but does no damage.
The ice beast is moderately wounded.
The ice beast hits you. The ice beast freezes you!
You feel a terrible chill!
You shoot an arrow. The arrow closely misses the ice beast.
The ice beast barely misses you.
You shoot an arrow. The arrow closely misses the ice beast.
The ice beast misses you. The ice beast closely misses you.
You shoot an arrow. The arrow hits the ice beast!
The ice beast is heavily wounded.
The ice beast hits you but does no damage.
You shoot an arrow. The arrow hits the ice beast.
The ice beast is heavily wounded.
The ice beast closely misses you.
You shoot an arrow. The arrow hits the ice beast.
The ice beast is heavily wounded.
The ice beast hits you. The ice beast freezes you!!
You feel a terrible chill!
You shoot an arrow. The arrow closely misses the ice beast.
The ice beast hits you but does no damage.
The ice beast closely misses you.
You shoot an arrow. The arrow hits the ice beast.
The ice beast is almost dead.
The ice beast hits you. The ice beast freezes you!
You feel a terrible chill!
You die...

#### #...## #.#.
#.....# #.#.#
....... #
#.#.###.......
#.##......Y.$....
.....##@#
#...##.#
#.#.##.###.#.#
#............#
###.###.##.#.#
#.##.......##
#.##..#.#...
#.##..#....#
#........#.###


You could see an ice beast.

Vanquished Creatures
  Sigmund (D:3)
  A phantom (D:4)
  2 bombardier beetles
  Jessica (D:3)
  An iguana (D:4)
  An orc wizard (D:4)
  8 gnolls (D:4)
  9 adders
  6 dart slugs
  3 ribbon worms
  15 orcs (D:4)
  8 bats
  10 endoplasms
  4 giant cockroaches
  3 hobgoblins
  10 kobolds
  4 quokkas
  5 ball pythons
  5 frilled lizards
  6 goblins
  3 rats
106 creatures vanquished.

Notes
Turn   | Place    | Note
-------+----------+-------------------------------------------
     0 | D:1      | qw the Djinni Hunter began the quest for the Orb.
     0 | D:1      | Reached XP level 1. HP: 18/18 MP: 0/0
     0 | D:1      | 0 ||| qw: Version: 0.3-a-136-gdd3b4e8
     0 | D:1      | 0 ||| qw: Game counter: 1109
     0 | D:1      | 0 ||| qw: Melee chars always use a shield: true
     0 | D:1      | 0 ||| qw: God list: Okawaru
     0 | D:1      | 0 ||| qw: Allow faded altars: false
     0 | D:1      | 0 ||| qw: Do Orc after clearing Dungeon:15 true
     0 | D:1      | 0 ||| qw: Do second Lair branch before Depths: true
     0 | D:1      | 0 ||| qw: Lair rune preference: random
     0 | D:1      | 0 ||| qw: Goals: Normal
     0 | D:1      | 0 ||| PLANNING D:1-11
    69 | D:1      | Reached XP level 2. HP: 23/23 MP: 0/0
   190 | D:1      | Found a faded altar of an unknown god.
   208 | D:1      | Reached XP level 3. HP: 28/28 MP: 0/0
   208 | D:1      | Learned a level 1 spell: Foxfire
   232 | D:1      | Reached skill level 4 in Ranged Weapons
   707 | D:1      | 707 ||| UPGRADING to ring of positive energy.
   708 | D:1      | 708 ||| READING scroll labelled WEGIMU JOLYE.
   711 | D:1      | 711 ||| DRINKING 3 fizzy green potions.
   711 | D:1      | Gained mutation: Your body sometimes deteriorates upon
                  | taking damage. [potion of mutation]
   711 | D:1      | Gained mutation: You are strong-willed. (Will+) [potion of
                  | mutation]
   712 | D:1      | 712 ||| DRINKING 2 potions of mutation.
   712 | D:1      | Lost mutation: Your body sometimes deteriorates upon taking
                  | damage. [potion of mutation]
   712 | D:1      | Lost mutation: You are strong-willed. (Will+) [potion of
                  | mutation]
   712 | D:1      | Gained mutation: You have hidden genetic potential. [potion
                  | of mutation]
   712 | D:1      | Gained mutation: You are resistant to electric shocks.
                  | (rElec) [potion of mutation]
   713 | D:1      | 713 ||| DRINKING potion of mutation.
   713 | D:1      | Lost mutation: You are resistant to electric shocks.
                  | (rElec) [potion of mutation]
   713 | D:1      | Lost mutation: You have hidden genetic potential. [potion
                  | of mutation]
   713 | D:1      | Gained mutation: You are frail. (-10% HP) [potion of
                  | mutation]
   713 | D:1      | Gained mutation: Your body sometimes deteriorates upon
                  | taking damage. [potion of mutation]
   713 | D:1      | Gained mutation: You expend health (3 HP) to strengthen
                  | your wands. [potion of mutation]
   714 | D:1      | 714 ||| DROPPING scroll of butterflies.
   889 | D:2      | Reached XP level 4. HP: 30/30 MP: 0/0
   902 | D:2      | Reached skill level 3 in Fighting
  1003 | D:2      | Identified the +7 hand axe of the Apocalypse {venom, Int+3}
  1160 | D:2      | 1160 ||| READING scroll labelled OMINLALUTI.
  1161 | D:2      | 1161 ||| READING scroll labelled EZAW SAZAOBB.
  1162 | D:2      | 1162 ||| READING scroll labelled HIOMOSTRILUAH.
  1163 | D:2      | 1163 ||| DRINKING 2 bubbling brown potions.
  1261 | D:3      | Reached skill level 3 in Dodging
  1303 | D:3      | Noticed Sigmund
  1310 | D:3      | 1310 ||| DRINKING potion of curing.
  1310 | D:3      | 1310 ||| (to cure confusion)
  1316 | D:3      | Killed Sigmund
  1317 | D:3      | Reached skill level 5 in Ranged Weapons
  1317 | D:3      | Reached XP level 5. HP: 10/36 MP: 0/0
  1317 | D:3      | Learned a level 2 spell: Blink
  1317 | D:3      | Reached XP level 6. HP: 11/41 MP: 0/0
  1586 | D:3      | Noticed Jessica
  1590 | D:3      | Killed Jessica
  1769 | D:3      | Found a runed translucent door.
  1770 | D:3      | Noticed Crazy Yiuf
  2001 | D:3      | Found a glowing golden altar of the Shining One.
  2109 | D:3      | 2109 ||| READING 2 scrolls labelled ITAUNU BIACHO.
  2109 | D:3      | 2109 ||| IDENTIFYING emerald potion
  2110 | D:3      | 2110 ||| READING scroll of identify.
  2110 | D:3      | 2110 ||| IDENTIFYING lumpy inky potion
  2154 | D:4      | 2154 ||| STAIRDANCE
  2242 | D:4      | 2242 ||| STAIRDANCE
  2345 | D:4      | 2345 ||| STAIRDANCE
  2435 | D:4      | Reached XP level 7. HP: 46/46 MP: 0/0
  2435 | D:4      | Learned a level 2 spell: Jinxbite
  2539 | D:4      | HP: 10/46 [orc/+1 short sword of freezing (2)]
  2540 | D:4      | 2540 ||| DRINKING potion of heal wounds.
  2986 | D:4      | Reached skill level 6 in Ranged Weapons
  3620 | D:4      | 3620 ||| UPGRADING to scarf of repulsion.
  3625 | D:4      | 3625 ||| UPGRADING to +0 ring mail.
  3635 | D:4      | 3635 ||| DROPPING +0 leather armour.
  3636 | D:4      | 3636 ||| READING scroll of identify.
  3636 | D:4      | 3636 ||| IDENTIFYING sapphire potion
  3637 | D:4      | 3637 ||| DROPPING potion of berserk rage.
  3679 | D:5      | Entered Level 5 of the Dungeon
  3680 | D:5      | 3680 ||| PLANNING SEWER
  3721 | D:5      | HP: 10/46 [ice beast (18)]
  3723 | D:5      | Slain by an ice beast

Levels and vault maps discovered:
D:1:      amcnicky_arrival_double_pillar, layout_loops_ring,
          hellmonk_ecumenical_altar_heavens_door, minivault_25,
          serial_bayou_pond_d
D:2:      layout_basic
D:3:      layout_rooms, tso_altar, nicolae_half_adder, uniq_crazy_yiuf_cottage,
          uniq_sigmund, uniq_jessica
D:4:      layout_cave_pods, kennysheep_small_spiral, minmay_circle_x
D:5:      layout_loops_cross, portal_sewer_entry_f

Skill      XL: |  1  2  3  4  5  6  7 |
---------------+----------------------+-----
Ranged Weapons | 4 5 6 |  6.2
Fighting       | 3 4 |  4.1
Dodging        | 3 4 |  4.0
Stealth        | |  0.7

Action                     |  1- 3 |  4- 6 |  7- 9 || total
---------------------------+-------+-------+-------++-------
   Fire: Shortbow          |   100 |   128 |   169 ||   397
    Use: Potion            |     3 |     2 |     1 ||     6
         Scroll            |     1 |     5 |     1 ||     7
 Armour: Leather armour    |    24 |    47 |    53 ||   124
         Ring mail         |       |       |     5 ||     5
  Dodge: Dodged            |    29 |    51 |    84 ||   164

Table legend:
 A = Non-vault XP
 B = Vault XP
 C = Vault XP percentage of total XP
 D = Non-vault monster count
 E = Vault monster count
 F = Vault count percentage of total count
                 A         B        C        D         E       F
            +---------+---------+-------+---------+---------+-------
      Total |     603 |     324 |  35.0 |      95 |      11 |  10.4
            +---------+---------+-------+---------+---------+-------
        D:1 |      46 |       0 |   0.0 |      26 |       0 |   0.0
        D:2 |      46 |       0 |   0.0 |      18 |       0 |   0.0
        D:3 |      99 |     304 |  75.4 |      14 |       6 |  30.0
        D:4 |     412 |      20 |   4.6 |      37 |       5 |  11.9
            +---------+---------+-------+---------+---------+-------
